 Dungeon Crawl Stone Soup version 0.26.0-10-g1f06aea511 (webtiles) character file.

Game seed: 16229646284206536725

25190 inc the Jinx (level 12, -23/57 HPs)
             Began as a Felid Enchanter on Jan 29, 2021.
             Was a Follower of Uskayaw.
             Annihilated by Donald
             ... wielding a +3 vorpal long sword
              (36 damage)
             ... on level 1 of the Orcish Mines.
             The game lasted 01:19:51 (31006 turns).

inc the Jinx (Felid Enchanter)                     Turns: 31006, Time: 01:19:52

Health: -23/57     AC:  3    Str:  6    XL:     12   Next: 87%
Magic:  19/21      EV: 29    Int: 20    God:    Uskayaw [*.....]
Gold:   425        SH:  0    Dex: 26    Spells: 3/15 levels left
                                        Lives:  0   Deaths: 4

rFire    + . .     SeeInvis +     - Unarmed
rCold    . . .     Faith    .   (shield unavailable)
rNeg     . . .     Spirit   .   (armour unavailable)
rPois    .         Reflect  .   (helmet unavailable)
rElec    .         Harm     .   (cloak unavailable)
rCorr    +         Rampage  .   (gloves unavailable)
Will     +....                  (boots unavailable)
Stlth    +++++++...             z - amulet of Gockopuc {Acrobat Dex+3 Stlth+}
HPRegen  0.19/turn              J - ring of willpower
MPRegen  0.17/turn              A - ring of Furhoryu {rF+ rC- rCorr Str+2 Dex+5}

@: weak-willed, quick
A: very small, no armour, no weapons or thrown items, stealth, antennae 1, claws
1, fangs 3, see invisible, speed 1, shaggy fur 3, sharp paws
a: Renounce Religion, Stomp


You were on level 1 of the Orcish Mines.
You worshipped Uskayaw.
Uskayaw was aware of your devotion.
You visited 4 branches of the dungeon, and saw 21 of its levels.

You collected 1725 gold pieces.
You spent 1300 gold pieces at shops.

Inventory:

Jewellery
 c - an uncursed ring of resist corrosion
 d - a +6 ring of strength
 j - the ring of Dawn {Fire Str+10 Int+3}
   (You found it on level 7 of the Dungeon)

   [ring of fire]

   It enhances your fire magic.
   It affects your strength (+10).
   It affects your intelligence (+3).
   It protects you from fire.
   It makes you vulnerable to cold.
 m - an uncursed ring of protection from fire
 n - an uncursed amulet of reflection
 y - the ring of Temptation {*Contam rElec Str+3 SInv Stlth-}
   (You found it on level 7 of the Dungeon)

   [ring of attention]

   It affects your strength (+3).
   It insulates you from electricity.
   It lets you see invisible.
   It causes magical contamination when unequipped.
   It makes you less stealthy.
 z - the amulet of Gockopuc (around neck) {Acrobat Dex+3 Stlth+}
   (You found it on level 7 of the Dungeon)

   [amulet of the acrobat]

   It helps you evade while moving and waiting.
   It affects your dexterity (+3).
   It makes you more stealthy.
 A - the ring of Furhoryu (right paw) {rF+ rC- rCorr Str+2 Dex+5}
   (You found it on level 7 of the Dungeon)

   [ring of resist corrosion]

   It affects your strength (+2).
   It affects your dexterity (+5).
   It protects you from fire.
   It makes you vulnerable to cold.
   It provides partial protection from all sources of acid and corrosion.
 G - an uncursed ring of positive energy
 J - a ring of willpower (left paw)
Wands
 g - a wand of paralysis (24)
 h - a wand of flame (23)
 l - a wand of random effects (29)
 E - a wand of enslavement (10)
 P - a wand of digging (4)
Scrolls
 b - 3 scrolls of blinking {unknown}
 f - 9 scrolls of remove curse
 o - 2 scrolls of immolation
 p - a scroll of magic mapping
 u - a scroll of brand weapon {unknown}
 v - a scroll of amnesia
 w - a scroll of vulnerability
 B - a scroll of summoning
 D - 2 scrolls of torment
 F - a scroll of holy word
 I - 2 scrolls of fog
 K - a scroll of noise {unknown}
 L - a scroll of fear {unknown}
Potions
 a - 4 potions of degeneration
 e - 11 potions of curing
 i - 3 potions of brilliance
 q - 3 potions of resistance
 r - 3 potions of attraction
 x - 2 potions of cancellation
 N - a potion of lignification
Miscellaneous
 M - a box of beasts (inert)
 O - a phantom mirror (inert)


   Skills:
 - Level 9.1 Fighting
 - Level 9.8 Dodging
 - Level 13.1 Stealth
 - Level 7.9 Unarmed Combat
 - Level 2.0 Spellcasting
 - Level 4.9 Conjurations
 + Level 14.3 Hexes
 - Level 5.0 Ice Magic
 - Level 10.7 Invocations
 - Level 10.2 Evocations


You had 3 spell levels left.
You knew the following spells:

 Your Spells              Type           Power        Failure   Level
a - Cause Fear            Hex            28%          1%          4
b - Ensorcelled Hibernat  Hex/Ice        80%          1%          2
c - Confusing Touch       Hex            56%          1%          3
d - Dazzling Flash        Conj/Hex       80%          1%          3

Your spell library contained the following spells:

 Spells                   Type           Power        Failure   Level
 Corona                   Hex            62%          1%          1
 Magic Dart               Conj           84%          1%          1
 Slow                     Hex            56%          1%          2
 Tukima's Dance           Hex            56%          1%          3
 Inner Flame              Hex/Fire       30%          2%          3
 Summon Guardian Golem    Hex/Summ       30%          2%          3
 Foxfire                  Conj/Fire      44%          6%          1
 Apportation              Tloc           4%           16%         1
 Beastly Appendage        Tmut           4%           16%         1
 Sting                    Tmut/Pois      8%           16%         1
 Summon Small Mammal      Summ           8%           16%         1
 Conjure Flame            Conj/Fire      11%          17%         3
 Blink                    Tloc           N/A          24%         2
 Call Imp                 Summ           2%           24%         2
 Poisonous Vapours        Pois/Air       4%           24%         2
 Wereblood                Tmut           2%           24%         2
 Mephitic Cloud           Conj/Pois/Air  8%           24%         3
 Call Canine Familiar     Summ           2%           43%         3
 Ignite Poison            Fire/Tmut/Pois 2%           43%         3
 Lesser Beckoning         Tloc           1%           43%         3
 Spider Form              Tmut/Pois      1%           43%         3
 Invisibility             Hex            56%          7%          6
 Silence                  Hex/Air        15%          24%         5
 Yara's Violent Unravell  Hex/Tmut       15%          24%         5
 Ice Form                 Ice/Tmut       12%          50%         4
 Sticky Flame             Conj/Fire      11%          50%         4
 Summon Ice Beast         Ice/Summ       12%          50%         4
 Olgreb's Toxic Radiance  Pois           2%           83%         4
 Summon Lightning Spire   Summ/Air       2%           83%         4
 Fireball                 Conj/Fire      5%           85%         5
 Discord                  Hex            28%          96%         8
 Alistair's Intoxication  Tmut/Pois      1%           99%         5
 Blade Hands              Tmut           1%           99%         5


Dungeon Overview and Level Annotations

Branches:
Dungeon (12/15)            Temple (1/1) D:4            Lair (6/6) D:8
 Shoals (0/4) Lair:2        Snake (0/4) Lair:4        Slime (0/5) Lair:6
    Orc (2/2) D:10
    Elf: Orc:2

Altars:
Ashenzari
Cheibriados
Dithmenos
Elyvilon
Fedhas
Gozag
Hepliaklqana
Kikubaaqudgha
Makhleb
Nemelex Xobeh
Okawaru
Qazlal
Ru
Sif Muna
Trog
Uskayaw
Vehumet
Wu Jian
Xom
Yredelemnul
Zin
The Shining One
Beogh

Shops:
D:8 :   D:9 *   D:12 (

Annotations:
D:3 Sigmund
D:6 Edmund, Grinder
D:7 2 runed translucent doors, exclusion: orange crystal statue
D:11 Gastronok
Lair:3 2 transporters, Yjeari's ghost, journeyman GrMo
Lair:5 exclusion: 4 oklob plants
Orc:1 Donald


Innate Abilities, Weirdness & Mutations

You cannot wear armour.
You are incapable of wielding weapons or throwing items.
Your paws allow you to move quietly. (Stealth)
You have sharp claws.
You have razor-sharp teeth.
You have supernaturally acute eyesight. (SInv)
You cover ground quickly.
Your thick and shaggy fur keeps you warm. (AC +3, rC+)
Your sharp claws are effective at attacking unaware monsters.
You have a pair of small antennae on your head.


Message History

Donald blocks your juvenile batfire beast's attack.
Donald hits your juvenile batfire beast with a +3 vorpal long sword!!
Your juvenile batfire beast dies!
Your juvenile batfire beast's corpse disappears in a puff of smoke!
Okay, then.
Really read the scroll of vulnerability?
As you read the scroll of vulnerability, it crumbles to dust.
Magic quickly surges around you.
Casting: Cause Fear (safe; 1% risk of failure)
Confirm with . or Enter, or press ? or * to list all spells.
Aiming: Ensorcelled Hibernation (safe; 1% risk of failure)
Press: ? - help, Shift-Dir - straight line, f/p - Donald
Aim: Donald, wielding a +3 vorpal long sword, wearing a +0 plate armour and wearing a +0 kite shield of reflection (purple smoke, lightly wounded, fast, strong, weak-willed, chance to affect: 41%) Donald looks drowsy...
Donald completely misses you. Donald blocks your attack.
Donald is lightly wounded.
Donald hits you with a +3 vorpal long sword!!!
Ouch! That really hurt!
You die...

#
###...####..#.......##.....
#....##......#....##.....
##...####.....##...#.....#
#...####......#..........#
###.####......###.........#
##..............##..........
#.........#.....#...........
##.#..._....................
####......@@......#..####..
##......#..#....#####.#..
#........#.#.....# ##...
##......#####...## ##...
###.....# #..### ###....
####.## #### #.#.... ###
#.#.... #...... #...###


You could see Donald (fast, strong, weak-willed).

Vanquished Creatures
  A sphinx (D:11)
  A tengu reaver (D:12)
  Harold (Lair:1)
  A boulder beetle (D:9)
  7 hydras
  2 death yaks (Lair:4)
  Urug (Orc:2)
  3 unseen horrors
  2 ugly things
  An orc sorcerer (Orc:1)
  A cyclops (D:12)
  3 black mambas
  An elephant (D:7)
  2 merfolk sirens (Lair:2)
  2 molten gargoyles (Lair:5)
  3 torpor snails
  12 cane toads
  3 rime drakes
  7 komodo dragons
  2 merfolk (Lair:2)
  6 trolls
  A polar bear (Lair:1)
  2 hornets (D:10)
  17 blink frogs
  3 wraiths
  A vampire (D:8)
  A spriggan (Lair:5)
  5 wyverns
  34 yaks
  3 basilisks
  4 vampire mosquitoes
  A steam dragon (Lair:4)
  Eustachio (D:5)
  A naga (Lair:4)
  2 wargs (D:10)
  Duvessa (D:6)
  16 water moccasins
  15 orc warriors
  3 ice beasts
  6 sky beasts
  4 black bears
  A hornet zombie (D:10)
  2 phantoms
  12 wolves
  A necrophage (D:7)
  11 ogres
  7 centaurs
  An elf zombie (D:11)
  A big kobold (D:8)
  Blork the orc (D:6)
  20 bullfrogs
  2 wyvern zombies
  Dowan (D:6)
  7 scorpions
  12 killer bees
  7 howler monkeys
  4 wights
  4 hounds
  5 lava snakes (Lair:5)
  3 human zombies (D:11)
  3 bullfrog skeletons
  3 jellies
  7 orc priests
  15 orc wizards
  3 centaur skeletons
  3 iguanas
  Jessica (D:3)
  Terence (D:2)
  4 human skeletons (D:11)
  5 hell rats (Lair:5)
  12 worker ants
  A hound zombie (D:8)
  A hound skeleton (D:7)
  2 mummies (D:11)
  A worker ant zombie (D:9)
  9 adders
  3 shadow imps
  5 white imps
  2 ufetubi
  2 oozes
  An adder zombie (D:6)
  An adder skeleton (D:9)
  A worm (D:4)
  3 leopard geckos
  62 orcs
  5 bats
  5 giant cockroaches
  4 goblins
  3 hobgoblins
  13 jackals
  4 quokkas
  3 ball pythons
  9 frilled lizards
  20 kobolds
  A leopard gecko skeleton (D:5)
  A leopard gecko zombie (D:9)
  2 quokka skeletons
  A quokka zombie (D:5)
  8 rats
  A butterfly (D:4)
516 creatures vanquished.

Vanquished Creatures (collateral kills)
  A two-headed ogre (D:9)
  An orc warrior (D:10)
  An ogre (D:10)
  2 killer bees (D:11)
  3 wights
  A howler monkey (D:10)
  2 orcs (D:10)
11 creatures vanquished.

Vanquished Creatures (others)
  A tengu warrior (D:12)
  A dancing weapon (D:6)
  5 bushes (Lair:4)
  28 fungi
  48 plants
83 creatures vanquished.

Grand Total: 610 creatures vanquished

Notes
Turn   | Place    | Note
-------+----------+-------------------------------------------
     0 | D:1      | inc the Felid Enchanter began the quest for the Orb.
     0 | D:1      | Reached XP level 1. HP: 7/7 MP: 4/4
   687 | D:1      | Reached XP level 2. HP: 11/11 MP: 6/6
   998 | D:1      | Learned a level 2 spell: Ensorcelled Hibernation
  1641 | D:1      | Reached XP level 3. HP: 14/14 MP: 0/7
  2345 | D:2      | Found a white marble altar of Elyvilon.
  2345 | D:2      | Found a bloodstained altar of Trog.
  2346 | D:2      | Found a sparkling altar of Nemelex Xobeh.
  2754 | D:2      | Reached skill level 5 in Stealth
  2754 | D:2      | Reached XP level 4. HP: 12/18 MP: 5/8
  3124 | D:2      | Noticed Terence
  3169 | D:2      | Killed Terence
  3368 | D:3      | Noticed a centaur
  3381 | D:3      | Killed a centaur
  3382 | D:3      | Reached XP level 5. HP: 13/21 MP: 4/9
  3822 | D:3      | Noticed Jessica
  3875 | D:3      | Killed Jessica
  4119 | D:3      | Found an opulent altar of Gozag.
  4449 | D:3      | Noticed Sigmund
  4926 | D:4      | Noticed an ogre
  4928 | D:4      | Found a staircase to the Ecumenical Temple.
  4940 | Temple   | Entered the Ecumenical Temple
  5143 | D:4      | Gained mutation: You are covered in thick fur. (AC +2)
                  | [Felid growth]
  5143 | D:4      | Reached XP level 6. HP: 24/24 MP: 1/10
  5326 | D:4      | Reached skill level 5 in Hexes
  5326 | D:4      | Reached skill level 1 in Ice Magic
  5689 | D:4      | Found a roughly hewn altar of Beogh.
  5747 | D:4      | Learned a level 3 spell: Tukima's Dance
  5751 | D:4      | Learned a level 3 spell: Confusing Touch
  5804 | D:5      | Entered Level 5 of the Dungeon
  5804 | D:5      | Noticed Eustachio
  5928 | D:5      | HP: 1/24 [bullfrog skeleton (5)]
  6226 | D:5      | Reached skill level 6 in Hexes
  6226 | D:5      | Reached XP level 7. HP: 23/27 MP: 11/11
  6797 | D:5      | Found a blossoming altar of Fedhas.
  6798 | D:5      | Found a basalt altar of Yredelemnul.
  6798 | D:5      | Found a glowing golden altar of the Shining One.
  6801 | D:5      | Found a radiant altar of Vehumet.
  6803 | D:5      | Found a shimmering blue altar of Sif Muna.
  6889 | D:5      | Found a shadowy altar of Dithmenos.
  6962 | D:5      | Reached skill level 7 in Hexes
  7141 | D:5      | Killed Eustachio
  7787 | D:6      | Reached skill level 8 in Hexes
  8044 | D:6      | Reached XP level 8. HP: 28/31 MP: 5/12
  8485 | D:6      | Noticed Duvessa
  8486 | D:6      | Noticed Dowan
  8498 | D:6      | Killed Duvessa
  8499 | D:6      | Reached skill level 9 in Hexes
  8661 | D:6      | Killed Dowan
  8676 | D:6      | Noticed Grinder
  8784 | D:6      | Noticed Blork the orc
  9091 | D:6      | Reached skill level 5 in Ice Magic
  9637 | D:6      | HP: 1/31 [orc warrior (6)]
  9644 | D:6      | Reached skill level 5 in Dodging
  9996 | D:6      | Noticed Edmund
 10284 | D:6      | Found a hide-covered altar of Uskayaw.
 10413 | D:6      | Became a worshipper of Uskayaw the Reveller
 10756 | D:6      | Reached * piety under Uskayaw
 10760 | D:6      | Killed Blork the orc
 11165 | D:7      | Found a runed translucent door.
 11272 | D:7      | Found the +10 tower shield of Ignorance {rN+ Int-4}
 11273 | D:7      | Reached XP level 9. HP: 34/34 MP: 13/13
 11350 | D:7      | Found a runed translucent door.
 11350 | D:7      | Noticed an orange crystal statue
 11486 | D:7      | Reached ** piety under Uskayaw
 11972 | D:7      | You fall into a shaft and drop 1 floor!
 12047 | D:8      | Noticed an elephant
 12399 | D:8      | Slain by an orc warrior
 12399 | D:8      | Reached *** piety under Uskayaw
 12400 | D:8      | Reached XP level 8. HP: -2/31 MP: 1/12
 12695 | D:8      | Slain by a wyvern zombie
 12696 | D:8      | Reached XP level 7. HP: 0/27 MP: 2/11
 12969 | D:8      | Found Akau's Book Shop.
 13181 | D:8      | Found a staircase to the Lair.
 13200 | D:8      | Reached skill level 5 in Invocations
 13200 | D:8      | Reached XP level 8. HP: 31/31 MP: 9/12
 13853 | D:9      | Found Kappouke's Assorted Antiques.
 13897 | D:9      | Reached **** piety under Uskayaw
 13904 | D:9      | Reached ***** piety under Uskayaw
 14179 | D:9      | Noticed a two-headed ogre
 14243 | D:9      | Killed a two-headed ogre
 14244 | D:9      | Reached XP level 9. HP: 34/34 MP: 3/16
 14818 | D:7      | Killed an elephant
 15070 | D:7      | Noticed a troll
 15086 | D:7      | Killed a troll
 15096 | D:7      | Reached skill level 10 in Invocations
 15097 | D:7      | Got a crude jade ring
 15112 | D:7      | Reached XP level 10. HP: 13/37 MP: 1/18
 15310 | D:7      | Got a pitted bone ring
 15312 | D:7      | Identified the ring of Dawn {Fire Str+10 Int+3} (You found
                  | it on level 7 of the Dungeon)
 15314 | D:7      | Identified the ring of Temptation {*Contam rElec Str+3 SInv
                  | Stlth-} (You found it on level 7 of the Dungeon)
 15328 | D:7      | Gained mutation: You have a pair of small antennae on your
                  | head. [mutagenic glow]
 15339 | D:7      | Got a brightly glowing jade amulet
 15342 | D:7      | Got a crude bronze ring
 15358 | D:7      | Identified the amulet of Gockopuc {Acrobat Dex+3 Stlth+}
                  | (You found it on level 7 of the Dungeon)
 15363 | D:7      | Identified the ring of Furhoryu {rF+ rC- rCorr Str+2 Dex+5}
                  | (You found it on level 7 of the Dungeon)
 15771 | D:9      | Noticed a two-headed ogre
 15783 | D:9      | Noticed a boulder beetle
 15786 | D:9      | Noticed a red ugly thing
 15969 | Lair:1   | Entered Level 1 of the Lair of Beasts
 15969 | Lair:1   | Noticed Harold
 15970 | Lair:1   | Noticed a black mamba
 15976 | Lair:1   | Killed Harold
 15985 | Lair:1   | Killed a black mamba
 16032 | Lair:1   | Reached skill level 10 in Stealth
 16149 | Lair:1   | Noticed a cane toad
 16168 | Lair:1   | Killed a cane toad
 16169 | Lair:1   | Reached skill level 5 in Unarmed Combat
 16634 | Lair:1   | Reached XP level 11. HP: 40/40 MP: 16/20
 16938 | Lair:1   | Noticed a four-headed hydra
 16943 | Lair:1   | Killed a four-headed hydra
 17284 | Lair:1   | Reached skill level 10 in Hexes
 17674 | Lair:2   | Noticed a six-headed hydra
 17676 | Lair:2   | Killed a six-headed hydra
 17677 | Lair:2   | Reached skill level 11 in Hexes
 17775 | Lair:2   | Reached skill level 12 in Hexes
 17984 | Lair:2   | Reached skill level 1 in Fighting
 18109 | Lair:2   | Found a staircase to the Shoals.
 18547 | Lair:2   | Gained mutation: Your thick and shaggy fur keeps you warm.
                  | (AC +3, rC+) [Felid growth]
 18547 | Lair:2   | Reached XP level 12. HP: 50/50 MP: 21/21
 18617 | Lair:2   | Learned a level 3 spell: Dazzling Flash
 18658 | Lair:2   | Reached skill level 1 in Conjurations
 18667 | Lair:2   | Reached skill level 5 in Fighting
 19473 | Lair:3   | Found a transporter.
 19475 | Lair:3   | Found a transporter.
 19483 | Lair:3   | Found a bloodstained altar of Trog.
 19483 | Lair:3   | Identified the cursed +2 spear "Pamebel" {antimagic, rC+}
 19485 | Lair:3   | Noticed Yjeari's ghost (journeyman GrMo)
 20539 | Lair:4   | Found a staircase to the Snake Pit.
 20829 | Lair:4   | Noticed a death yak
 20829 | Lair:4   | Noticed a death yak
 21318 | Lair:4   | Found a runed translucent door.
 21437 | Lair:4   | Noticed an eight-headed hydra
 21444 | Lair:4   | Killed an eight-headed hydra
 21609 | Lair:4   | Killed a death yak
 21758 | Lair:4   | Killed a death yak
 23018 | Lair:5   | Reached XP level 13. HP: 60/60 MP: 19/22
 23294 | Lair:6   | Entered Level 6 of the Lair of Beasts
 23640 | Lair:6   | Reached skill level 1 in Evocations
 23649 | Lair:6   | Slain by a black mamba
 23650 | Lair:6   | Reached XP level 12. HP: 0/57 MP: 7/21
 23659 | Lair:6   | Noticed a seven-headed hydra
 24215 | D:9      | Killed a boulder beetle
 24405 | D:9      | Found a glowing silver altar of Zin.
 24636 | D:10     | Entered Level 10 of the Dungeon
 24669 | D:10     | Found a staircase to the Orcish Mines.
 24691 | D:10     | Reached skill level 5 in Evocations
 25264 | D:10     | You fall into a shaft and drop 1 floor!
 25518 | D:11     | Noticed a five-headed hydra
 26450 | D:11     | Killed a five-headed hydra
 26587 | D:11     | Noticed Gastronok
 26788 | D:12     | Noticed a seven-headed hydra
 26790 | D:12     | Noticed a tengu reaver
 26792 | D:12     | Noticed a four-headed hydra
 26794 | D:12     | Noticed an eight-headed hydra
 26804 | D:12     | Noticed a tengu warrior
 26806 | D:12     | Noticed a two-headed ogre
 26809 | D:12     | Noticed a yaktaur captain
 26812 | D:12     | Killed a tengu warrior
 26815 | D:12     | Shot with a bolt by a yaktaur captain
 26816 | D:12     | Reached XP level 11. HP: -1/79 MP: 5/20
 26934 | D:12     | Noticed a stone giant
 26943 | D:12     | Noticed a sphinx
 26959 | D:12     | Killed an eight-headed hydra
 26960 | D:12     | Reached XP level 12. HP: 57/57 MP: 19/21
 26969 | D:12     | Killed a four-headed hydra
 27268 | D:12     | Killed a seven-headed hydra
 27269 | D:12     | Reached skill level 10 in Evocations
 27334 | D:12     | Found Fuluy's Weapon Shoppe.
 27820 | D:8      | Bought a book of Party Tricks for 650 gold pieces
 27820 | D:8      | Bought a book of Hexes for 650 gold pieces
 27826 | D:8      | Learned a level 4 spell: Cause Fear
 27964 | D:11     | Found an ancient bone altar of Kikubaaqudgha.
 28486 | D:11     | Killed a sphinx
 28487 | D:11     | Reached skill level 13 in Hexes
 28619 | D:12     | Killed a tengu reaver
 29047 | Orc:1    | Entered Level 1 of the Orcish Mines
 30071 | Orc:1    | Found a roughly hewn altar of Beogh.
 30229 | Orc:2    | Entered Level 2 of the Orcish Mines
 30480 | Orc:2    | Reached skill level 14 in Hexes
 30504 | Orc:2    | Noticed Urug
 30611 | Orc:2    | Killed Urug
 30638 | Orc:2    | Noticed Donald
 31006 | Orc:1    | Annihilated by Donald

Illustrated notes

Levels and vault maps discovered:
D:1:      dpeg_arrival_round_a, layout_loops_ring
D:2:      layout_basic, gammafunk_temple_overflow_claw,
          kennysheep_generic_room_4, uniq_terence
D:3:      layout_basic, overflow_temple_1_default, uniq_sigmund, uniq_jessica
D:4:      layout_cave_pods, minmay_temple_entry_butterflies,
          kennysheep_orc_chapel
D:5:      layout_layer_cave, minitemple, grunt_dithmenos_smoke, uniq_eustachio
D:6:      layout_layer_cave, eat_drink_and_be_merry_uskayaw, uniq_grinder,
          uniq_blork_the_orc, uniq_edmund, uniq_duvessa
D:7:      minmay_the_grid_triangle_9x9_recursive_2
          [minmay_the_grid_triangle_9x9_prize_special,
          minmay_the_grid_triangle_9x9_corrupted_corridor,
          minmay_the_grid_triangle_9x9_pentomino_pain,
          minmay_the_grid_triangle_9x9_limited_checkers], layout_basic,
          chequers_guarded_unrand_ignorance
D:8:      layout_loops_cross, david_lair_generic, serial_shops,
          nicolae_shop_trees
D:9:      minmay_cut_squares, layout_cave_pools, zin_statuary, serial_shops,
          shop
D:10:     minmay_s_stair_smasher, layout_irregular_city, david_orc_3
D:11:     layout_cave_pools, serial_park_tiny_pond,
          lemuel_mausoleum_altar_kikubaaqudgha, uniq_gastronok
D:12:     minmay_complete_graph, layout_rooms, gammafunk_ghost_hydra_chop,
          serial_shops, nicolae_shop_trees
Temple:   zaba_magenta_temple
Lair:1:   layout_roguey, uniq_harold
Lair:2:   layout_cave_pods, elwin_shoals_entry_stream, beast_lair_carwin_10,
          grunt_megastairs_1
Lair:3:   layout_loops_ring, gammafunk_ghost_wrathful_warriors,
          columned_hall_lemuel, hangedman_lair_generics_rect,
          lemuel_fruit_fields, infiniplex_staircase_pool_2
Lair:4:   layout_long_grid, guppyfry_snake_entry_island, st_stairs_12,
          minmay_hedge_maze, pf_torpor_hydra
Lair:5:   cheibrodos_magma_flow, layout_regular_city, serial_bayou_lagoon_a,
          grunt_forest_small_clearings, minmay_lair_oklob_chamber
Lair:6:   minmay_lair_end_enchanted_forest, layout_small_grid, slime_altar_1,
          gammafunk_ghost_ooze, wad_woods_road_03,
          nicolae_lair_grove_arrangements
Orc:1:    layout_diamond_mine, basic_altar
Orc:2:    st_orc_open, layout_caves, uniq_donald, uniq_urug

Skill      XL: |  1  2  3  4  5  6  7  8  9 10 11 12 13 |
---------------+----------------------------------------+-----
Unarmed Combat | 2 3 5 7 |  7.9
Stealth        | 5 7 8 10 12 13 | 13.1
Hexes          | 6 8 9 12 14 | 14.3
Ice Magic      | 2 4 5 |  5.0
Dodging        | 8 9 |  9.8
Invocations    | 5 8 10 | 10.7
Fighting       | 4 9 |  9.1
Conjurations   | 4 |  4.9
Evocations     | 10 1 | 10.2
Spellcasting   | |  2.0

Action                   |  1- 3 |  4- 6 |  7- 9 | 10-12 | 13-15 || total
-------------------------+-------+-------+-------+-------+-------++-------
Melee: Unarmed           |   107 |    56 |   357 |   500 |    21 ||  1041
       Bite              |     3 |     3 |    38 |    49 |     2 ||    95
       Punch             |       |       |     2 |     7 |     2 ||    11
 Cast: Ensorcelled Hiber |    19 |    26 |   159 |   335 |    17 ||   556
       Corona            |     4 |       |       |       |       ||     4
       Confusing Touch   |       |       |    26 |    17 |     2 ||    45
       Tukima's Dance    |       |       |    12 |     5 |       ||    17
       Dazzling Flash    |       |       |       |    33 |     1 ||    34
       Cause Fear        |       |       |       |    14 |       ||    14
Invok: Stomp             |       |       |     6 |     3 |       ||     9
Evoke: Box of beasts     |       |       |       |     2 |       ||     2
       Phantom mirror    |       |       |       |     2 |       ||     2
       Wand              |       |       |       |     1 |       ||     1
  Use: Scroll            |       |    10 |     2 |    23 |       ||    35
       Potion            |       |       |     3 |     7 |       ||    10
 Stab: Sleeping          |    18 |    34 |   102 |   233 |     5 ||   392
       Distracted        |       |     1 |       |     1 |       ||     2
       Confused          |       |       |    28 |    19 |     2 ||    49
       Paralysed         |       |       |     5 |    19 |     1 ||    25
       Invisible         |       |       |       |    19 |     2 ||    21
       Fleeing           |       |       |       |     1 |       ||     1
Armor: Skin              |    10 |     3 |    11 |    11 |     2 ||    37
Dodge: Dodged            |    97 |    28 |   285 |   678 |    32 ||  1120
Block: Other             |       |     5 |    68 |     4 |       ||    77
       Reflection        |       |       |     7 |       |       ||     7
